 Dungeon Crawl Stone Soup version 0.26.1-16-g4e020e15dc (webtiles) character file.

Game seed: 4501041749720965063

540 BiteMe the Firebug (level 6, -2/46 HPs)
             Began as a Demigod Fire Elementalist on May 10, 2023.
             Killed themself with a badly aimed iceblast (20 damage)
             ... on level 4 of the Dungeon.
             The game lasted 00:47:55 (6209 turns).

BiteMe the Firebug (Demigod Fire Elementalist)      Turns: 6209, Time: 00:47:56

Health: -2/46      AC:  3    Str: 11    XL:     6   Next: 76%
Magic:  15/15      EV: 13    Int: 21    God:
Gold:   212        SH:  0    Dex: 18    Spells: 9/13 levels left

rFire    . . .     SeeInvis .   x - +0 trident
rCold    . . .     Faith    .   (no shield)
rNeg     . . .     Spirit   .   a - +0 robe
rPois    .         Reflect  .   r - +0 helmet
rElec    .         Harm     .   (no cloak)
rCorr    .         Rampage  .   (no gloves)
Will     .....                  (no boots)
Stlth    ++........             w - amulet of regeneration
HPRegen  0.55/turn              v - ring of wizardry
MPRegen  0.14/turn              (no ring)

@: berserk cooldown, slowed, very slow
A: high mp 1
a: no special abilities


You were on level 4 of the Dungeon.
You visited 1 branch of the dungeon, and saw 4 of its levels.

You collected 212 gold pieces.

Inventory:

Hand Weapons
 d - a +0 club
 g - a +0 whip
 j - a +0 dagger
 l - a +0 scythe
 m - a +0 short sword
 q - a +0 short sword
 s - a +0 spear
 x - a +0 trident (weapon)
 C - a +0 hand axe
 H - a +0 short sword of venom
Missiles
 f - 30 arrows
Armour
 a - a +0 robe (worn)
 c - a +2 leather armour of positive energy
 r - a +0 helmet (worn)
Jewellery
 b - an uncursed ring of positive energy
 h - an uncursed amulet of guardian spirit
 o - a +6 ring of strength
 v - a ring of wizardry (left hand)
 w - an amulet of regeneration (around neck)
 y - an uncursed ring of positive energy
Wands
 i - a wand of disintegration (12)
 I - a wand of random effects (15)
Scrolls
 e - 3 scrolls of fog
 k - 2 scrolls of teleportation
 n - a scroll of remove curse
 p - a scroll of magic mapping {unknown}
 A - a scroll of immolation {unknown}
 E - 2 scrolls of enchant weapon {unknown}
 J - a scroll of fear {unknown}
Potions
 t - a potion of curing
 u - 4 potions of might
 z - a potion of berserk rage
 B - a potion of heal wounds
 D - a potion of lignification {unknown}
 F - a potion of attraction {unknown}
 G - a potion of resistance {unknown}
 K - 2 potions of cancellation {unknown}
 L - a potion of haste {unknown}


   Skills:
 + Level 0.3 Fighting
 + Level 0.3 Polearms
 * Level 2.4 Dodging
 - Level 1.7 Stealth
 + Level 4.4 Spellcasting
 + Level 2.9 Conjurations
 + Level 4.5 Fire Magic


You had 9 spell levels left.
You knew the following spells:

 Your Spells              Type           Power        Failure   Level
a - Foxfire               Conj/Fire      80%          1%          1
b - Inner Flame           Hex/Fire       14%          6%          3

Your spell library contained the following spells:

 Spells                   Type           Power        Failure   Level
 Conjure Flame            Conj/Fire      20%          3%          3
 Sticky Flame             Conj/Fire      20%          11%         4
 Fireball                 Conj/Fire      10%          26%         5


Dungeon Overview and Level Annotations

Branches:
Dungeon (4/15)
 Temple: D:4-7


Innate Abilities, Weirdness & Mutations

You have an increased reservoir of magic. (+10% MP)


Message History

Aim: an orc, wielding a +0 dagger and wearing a +0 scale mail (chance to affect: 80%)
The orc barely resists.
The orc wizard completely misses you. The orc barely misses you.
The orc wizard misses you.
Casting: Foxfire (safe; 1% risk of failure)
Confirm with . or Enter, or press ? or * to list all spells.
Okay, then.
Aiming: Random Effects
Press: ? - help, Shift-Dir - straight line, f/p - orc
Aim: an orc, wielding a +0 dagger and wearing a +0 scale mail The orc seems to slow down.
The orc closely misses you. The orc wizard completely misses you.
Aiming: Random Effects
Press: ? - help, Shift-Dir - straight line, f - orc wizard, p - orc
Aim: an orc wizard, wielding a +0 dagger and wearing a +0 robe The mass of ice explodes!
The iceblast engulfs the orc wizard!
The orc wizard is severely wounded.
The iceblast engulfs the orc.
The orc is heavily wounded.
The iceblast engulfs you!!
You die...

##
#.########
#......o@#
#.######o#
#. #.# #o
#.#######
.o
#........
.o
#........
{..
#........
...
#.####.##
#.# .#


You could see an orc wizard and an orc (slow).

Vanquished Creatures
  Sigmund (D:2)
  3 orc priests
  An iguana (D:4)
  2 worker ants (D:4)
  A mummy (D:4)
  A hound zombie (D:2)
  9 adders
  A howler monkey skeleton (D:4)
  An adder skeleton (D:4)
  2 worms (D:3)
  A dart slug (D:2)
  4 leopard geckos
  12 orcs
  4 giant cockroaches
  6 goblins
  8 hobgoblins
  4 jackals (D:2)
  10 kobolds
  2 quokkas
  2 ball pythons
  7 bats
  2 frilled lizards (D:2)
  3 hobgoblin zombies (D:4)
  An orc zombie (D:4)
  11 rats
99 creatures vanquished.

Vanquished Creatures (others)
  296 foxfires
296 creatures vanquished.

Grand Total: 395 creatures vanquished

Notes
Turn   | Place    | Note
-------+----------+-------------------------------------------
     0 | D:1      | BiteMe the Demigod Fire Elementalist began the quest for
                  | the Orb.
     0 | D:1      | Reached XP level 1. HP: 14/14 MP: 5/5
   759 | D:2      | Reached XP level 2. HP: 20/20 MP: 3/7
   763 | D:2      | Reached skill level 1 in Conjurations
  1319 | D:2      | Reached XP level 3. HP: 15/26 MP: 5/9
  2400 | D:2      | Noticed Sigmund
  2421 | D:2      | Killed Sigmund
  2422 | D:2      | Reached XP level 4. HP: 17/33 MP: 4/12
  2422 | D:2      | Reached XP level 5. HP: 20/38 MP: 4/13
  3390 | D:3      | Learned a level 3 spell: Inner Flame
  4256 | D:3      | Found a glowing silver altar of Zin.
  4335 | D:3      | Reached XP level 6. HP: 32/45 MP: 5/15
  4395 | D:4      | Found a blossoming altar of Fedhas.
  6209 | D:4      | Killed themself with a badly aimed iceblast

Illustrated notes

Levels and vault maps discovered:
D:1:      roderic_chinese_lattice_arrival, layout_basic
D:2:      kennysheep_big_flooded_room, layout_basic, grunt_ministairs_12,
          uniq_sigmund
D:3:      layout_basic, lemuel_coloured_pillars_altar, hangedman_glass_teeth,
          minmay_randomly_rotated_circles
D:4:      layout_basic, lemuel_crystal_altar, minmay_mini_ossuary

Skill      XL: |  1  2  3  4  5 |
---------------+----------------+-----
Spellcasting   | 2 3 4 |  4.4
Fire Magic     | 3 4 |  4.5
Conjurations   | 1 2 |  2.9
Dodging        | 2 |  2.4
Fighting       | |  0.3
Polearms       | |  0.3
Stealth        | |  1.7

Action                   |  1- 3 |  4- 6 || total
-------------------------+-------+-------++-------
Melee: Whip              |     2 |       ||     2
       Spear             |     3 |    20 ||    23
       Trident           |       |    15 ||    15
 Cast: Foxfire           |    56 |   123 ||   179
       Inner Flame       |       |     1 ||     1
Evoke: Wand              |       |     5 ||     5
  Use: Scroll            |     4 |     4 ||     8
       Potion            |     1 |     2 ||     3
Armor: Robe              |     4 |     5 ||     9
Dodge: Dodged            |    27 |    48 ||    75
